 Dungeon Crawl Stone Soup version 0.19-a0-934-gf1df8d1 (webtiles) character file.

4458 retryentry the Fighter (level 9, -6/85 HPs)
             Began as a Demigod Fighter on July 7, 2016.
             Killed from afar by Erolcha (17 damage)
             ... with a bolt of lightning
             ... on level 8 of the Dungeon.
             The game lasted 00:13:50 (6429 turns).

retryentry the Fighter (Demigod Fighter)            Turns: 6429, Time: 00:13:51

Health: -6/85      AC: 18    Str: 19    XL:     9   Next: 93%
Magic:  16/16      EV:  6    Int: 12    God:
Gold:   435        SH: 10    Dex: 21    Spells: 1 memorised, 3 levels left

rFire  . . .     SeeInvis .     t - +1 dagger (venom)
rCold  . . .     Gourm    +     p - +0 chain mail
rNeg   . . .     Faith    .     c - +0 shield
rPois  .         Spirit   .     N - +2 helmet
rElec  .         Dismiss  .     J - +0 cloak
rCorr  .         Reflect  .     o - +2 pair of gloves
SustAt +         Harm     .     (no boots)
MR     .....                    B - amulet of the gourmand
Stlth  ..........               w - +3 ring of slaying
                                h - +1 ring of protection

@: not resistant to hostile enchantments, extremely unstealthy
A: high mp 1, sustain attributes
a: no special abilities


You were on level 8 of the Dungeon.
You were completely stuffed.

You visited 1 branch of the dungeon, and saw 8 of its levels.

You collected 435 gold pieces.

Inventory:

Hand Weapons
 a - a +0 long sword
 t - a +1 dagger of venom (weapon)
Missiles
 i - 3 tomahawks (quivered)
Armour
 c - a +0 shield (worn)
 o - a +2 pair of gloves (worn)
 p - a +0 chain mail (worn)
 J - a +0 cloak (worn)
 N - a +2 helmet (worn)
Jewellery
 h - a +1 ring of protection (left hand)
 q - an uncursed ring of protection from magic
 w - a +3 ring of slaying (right hand)
 B - an amulet of the gourmand (around neck)
 G - an uncursed ring of fire
Wands
 A - a wand of paralysis (14/24)
 E - a wand of iceblast (9/15)
 I - a wand of flame (25/48)
 L - a wand of slowing (8/48)
Scrolls
 b - 4 scrolls of amnesia {unknown}
 g - 3 scrolls of recharging {unknown}
 j - 2 scrolls of enchant weapon {unknown}
 k - a scroll of immolation {unknown}
 n - 2 scrolls of magic mapping {unknown}
 x - 9 scrolls of remove curse
 y - a scroll of fear {unknown}
 D - 2 scrolls of teleportation {unknown}
 O - a scroll of enchant armour {unknown}
 P - a scroll of noise {unknown}
Potions
 d - a potion of might
 e - a potion of flight {unknown}
 m - 2 potions of haste
 r - a potion of cure mutation {unknown}
 u - 3 potions of curing {unknown}
 z - a potion of lignification
 F - a potion of cancellation
 H - 2 potions of berserk rage
 K - a potion of magic {unknown}
Comestibles
 f - 3 bread rations
 l - 7 fruits
 s - a beef jerky
 C - a royal jelly
 M - a chunk of flesh


   Skills:
 + Level 10.1 Fighting
 + Level 6.1 Long Blades
 + Level 4.5 Armour
 * Level 2.6 Dodging
 - Level 2.6 Shields
 * Level 5.6 Evocations


You had 3 spell levels left.
You knew the following spells:

 Your Spells              Type           Power        Failure   Level  Hunger
a - Warp Weapon           Chrm/Tloc      #.........   100%        5    ######.


Dungeon Overview and Level Annotations

Branches:
Dungeon (8/15)             Temple (0/1) D:6
   Lair: D:8-11

Shops:
D:8 [

Annotations:
D:8 Erolcha


Innate Abilities, Weirdness & Mutations

You have an increased reservoir of magic. (+10% MP)
Your attributes are resistant to harm.


Message History

You suddenly lose the ability to move!
Erolcha hits you with a giant spiked club!
* * * LOW HITPOINT WARNING * * *
Erolcha casts a spell at you. The magic dart hits you!
* * * LOW HITPOINT WARNING * * *
Erolcha hits you but does no damage.
You can move again.
Unknown command.
Unknown command.
Unknown command.
Unknown command.
Unknown command.
You hit Erolcha.
Erolcha looks as sick as possible!
Erolcha is severely wounded.
Your chain mail prevents you from hitting Erolcha.
Erolcha is almost dead.
Erolcha gestures at you while chanting. The bolt of lightning hits you!
You die...

.....# #.#
.....#####.################
.....'.....................
.....#####.##.#####......#
#######.....#.# #......#
#.....#.#####......#
#.....#.##(.........#
#.....#.##.##.......#
#.......##@##.......#
##########O#######..# #
#######F# ####### ..
.......)####.....# ###.###
######...........# .......
.........S......# ....##
#####.####......# #####
#........##### # . <..#
#..###.......#.#...


You could see Erolcha and a giant frog.

Vanquished Creatures
  An unseen horror (D:6)
  Pikel (D:7)
  The ghost of tstbtto the Carver, a novice HEFi of Okawaru (D:5)
  Sigmund (D:4)
  A steam dragon (D:6)
  Edmund (D:5)
  Duvessa (D:7)
  A water moccasin (D:7)
  A sky beast (D:6)
  2 slaves (D:7)
  3 ice beasts
  2 orc warriors (D:6)
  A black bear (D:8)
  5 ogres
  A centaur (D:8)
  3 giant frogs
  Dowan (D:7)
  3 scorpions
  2 vampire bats (D:5)
  3 crimson imps
  4 howler monkeys
  2 giant frog zombies
  7 orc wizards
  A giant frog skeleton (D:6)
  4 hounds
  A centaur skeleton (D:8)
  2 orc priests (D:6)
  3 worker ants
  A statue (D:7)
  2 gnolls (D:7)
  4 adders
  2 shadow imps (D:6)
  An ooze (D:2)
  2 adder skeletons (D:5)
  2 worms
  A dart slug (D:4)
  2 giant geckos
  13 orcs
  5 bat skeletons (D:5)
  A bat zombie (D:5)
  5 giant cockroaches
  7 goblins
  7 hobgoblins
  2 jackals (D:4)
  2 quokkas
  3 ball pythons
  3 bats
  3 giant newts
  6 kobolds
  A quokka skeleton (D:4)
  9 rats
143 creatures vanquished.

Vanquished Creatures (others)
  A slave (D:7)
  A gnoll (D:7)
  A fungus (D:6)
3 creatures vanquished.

Grand Total: 146 creatures vanquished

Notes
Turn   | Place    | Note
-------+----------+-------------------------------------------
     0 | D:1      | retryentry the Demigod Fighter began the quest for the Orb.
     0 | D:1      | Reached XP level 1. HP: 18/18 MP: 3/3
    92 | D:1      | Reached skill level 3 in Fighting
   333 | D:1      | Reached XP level 2. HP: 26/26 MP: 4/4
   643 | D:2      | Reached XP level 3. HP: 27/31 MP: 5/5
  1215 | D:3      | Found a shattered altar of Ashenzari.
  1932 | D:4      | Noticed Sigmund
  1939 | D:4      | Killed Sigmund
  1939 | D:4      | Reached skill level 5 in Fighting
  1939 | D:4      | Reached XP level 4. HP: 29/42 MP: 6/6
  1939 | D:4      | Reached XP level 5. HP: 34/48 MP: 7/7
  2080 | D:4      | Noticed an ogre
  2090 | D:4      | Killed an ogre
  2090 | D:4      | Reached XP level 6. HP: 27/57 MP: 8/8
  2307 | D:4      | Learned a level 5 spell: Warp Weapon
  2403 | D:4      | Reached skill level 6 in Fighting
  2408 | D:4      | Found a sparkling altar of Nemelex Xobeh.
  2452 | D:4      | Found a bloodstained altar of Trog.
  2469 | D:4      | Reached skill level 1 in Evocations
  2491 | D:4      | Found a shimmering altar of Xom.
  2492 | D:4      | Found a burning altar of Makhleb.
  2600 | D:4      | Reached XP level 7. HP: 51/64 MP: 11/11
  2658 | D:5      | Entered Level 5 of the Dungeon
  2689 | D:5      | Noticed tstbtto's ghost (novice HEFi)
  2731 | D:5      | Killed tstbtto's ghost
  2982 | D:5      | Reached skill level 7 in Fighting
  3088 | D:5      | Found an ancient bone altar of Kikubaaqudgha.
  3174 | D:5      | Noticed Edmund
  3190 | D:5      | Killed Edmund
  3281 | D:5      | Reached XP level 8. HP: 54/73 MP: 13/13
  3472 | D:5      | Reached skill level 5 in Long Blades
  3732 | D:6      | Found a bloodstained altar of Trog.
  3782 | D:6      | Reached skill level 8 in Fighting
  4494 | D:6      | Found an opulent altar of Gozag.
  4506 | D:6      | Found a shadowy altar of Dithmenos.
  4899 | D:6      | Reached skill level 9 in Fighting
  5070 | D:6      | Reached XP level 9. HP: 66/83 MP: 15/15
  5202 | D:6      | Found a snail-covered altar of Cheibriados.
  5261 | D:6      | Found a staircase to the Ecumenical Temple.
  5273 | D:6      | Killed an unseen horror
  5273 | D:6      | Reached skill level 1 in Dodging
  5273 | D:6      | Reached skill level 5 in Evocations
  5423 | D:7      | Found a radiant altar of Vehumet.
  5443 | D:7      | Noticed Duvessa
  5445 | D:7      | Noticed Dowan
  5623 | D:7      | Killed Dowan
  5632 | D:7      | Killed Duvessa
  5869 | D:7      | Found a basalt altar of Yredelemnul.
  5869 | D:7      | Found a hide-covered altar of Uskayaw.
  6075 | D:7      | Noticed Pikel
  6099 | D:7      | Killed Pikel
  6099 | D:7      | Reached skill level 10 in Fighting
  6377 | D:8      | Found Med Zixt's Antique Armour Emporium.
  6389 | D:8      | Noticed Erolcha
  6417 | D:8      | HP: 3/85 [Erolcha/giant spiked club (15)]
  6425 | D:8      | Paralysed by Erolcha for 2 turns
  6429 | D:8      | Killed from afar by Erolcha

Vault maps used:
D:1:      dpeg_arrival_ternary
D:3:      lemuel_crystal_altar, minmay_misc_feat_tiny
D:4:      grunt_temple_overflow_champion_of_chaos, lemuel_crystal_altar,
          first_bread, trog_hazing_becter, uniq_sigmund
D:5:      kennysheep_vampire_church, uniq_edmund
D:6:      kennysheep_steamy, overflow_temple_1_default,
          gammafunk_temple_overflow_forgotten
D:7:      gammafunk_temple_overflow_elements, vehumet_statue, uniq_pikel,
          uniq_duvessa
D:8:      serial_shops, nicolae_shop_temple_entry_statues_fountains,
          uniq_erolcha

Skill      XL: |  1  2  3  4  5  6  7  8  9 |
---------------+----------------------------+-----
Fighting       | 3 5 6 7 9 10 | 10.1
Long Blades    | 2 3 4 5 6 |  6.1
Evocations     | 1 3 4 5 |  5.6
Armour         | 4 |  4.5
Dodging        | 2 |  2.6
Shields        | |  2.6

Action                   |  1- 3 |  4- 6 |  7- 9 || total
-------------------------+-------+-------+-------++-------
Melee: Long sword        |    65 |     6 |    42 ||   113
       Dagger            |    40 |    88 |   423 ||   551
Throw: Tomahawk          |       |     2 |     3 ||     5
  Use: Scroll            |       |       |     7 ||     7
       Potion            |       |       |     2 ||     2
  Eat: Chunk             |     6 |    11 |    13 ||    30
Armor: Scale mail        |    10 |       |       ||    10
       Chain mail        |    28 |    36 |   264 ||   328
Dodge: Dodged            |    19 |    10 |    71 ||   100
Block: Shield            |    34 |    38 |   198 ||   270
